 Dungeon Crawl Stone Soup version 0.28-a0-691-gad6df49e81 (webtiles) character file.

Game seed: 10281717316003401884

68 rogsnak the Gusty (level 4, -1/36 HPs)
             Began as a Naga Air Elementalist on Oct 21, 2021.
             Slain by a gnoll (4 damage)
             ... on level 2 of the Dungeon.
             The game lasted 00:03:04 (1673 turns).

rogsnak the Gusty (Naga Air Elementalist)           Turns: 1673, Time: 00:03:05

Health: -1/36      AC:  2    Str: 10    XL:     4   Next: 19%
Magic:  4/7        EV: 10    Int: 16    God:
Gold:   14         SH:  0    Dex: 12    Spells: 7/8 levels left

rFire   . . .      SeeInvis +   d - +0 short sword
rCold   . . .      Faith    .   (no shield)
rNeg    + . .      Spirit   .   a - +0 robe
rPois   +          Reflect  .   (no helmet)
rElec   .          Harm     .   (no cloak)
rCorr   .          Rampage  .   (no gloves)
Will    .....                   (no barding)
Stlth   ++........              (no amulet)
HPRegen 0.12/turn               f - ring of positive energy
MPRegen 0.10/turn               (no ring)

@: short of breath, very slow
A: AC +1, large, see invisible, deformed body, poison resistance, slowness 2,
spit poison 1, naga tail 1
a: Spit Poison


You were on level 2 of the Dungeon.
You visited 1 branch of the dungeon, and saw 2 of its levels.

You collected 14 gold pieces.

Inventory:

Hand Weapons
 b - a +0 dagger
 d - a +0 short sword (weapon)
Missiles
 e - 22 stones
Armour
 a - a +0 robe (worn)
Jewellery
 f - a ring of positive energy (left hand)
Scrolls
 c - a scroll of identify {unknown}
Potions
 g - a potion of haste {unknown}
 h - a potion of brilliance {unknown}


   Skills:
 + Level 0.2 Fighting
 + Level 1.8 Dodging
 - Level 3.0 Stealth
 + Level 2.6 Spellcasting
 * Level 1.9 Conjurations
 + Level 3.8 Air Magic


You had 7 spell levels left.
You knew the following spells:

 Your Spells              Type           Power      Damage    Failure   Level
a - Shock                 Conj/Air       44%        1d5       6%          1

Your spell library contained the following spells:

 Spells                   Type           Power      Damage    Failure   Level
 Static Discharge         Conj/Air       11%        N/A       9%          2
 Swiftness                Air            14%        N/A       12%         3
 Summon Small Mammal      Summ           8%         N/A       21%         1
 Airstrike                Air            7%         N/A       36%         4
 Call Canine Familiar     Summ           2%         N/A       52%         3
 Summon Guardian Golem    Hex/Summ       2%         N/A       52%         3
 Passage of Golubria      Tloc           2%         N/A       89%         4
 Fireball                 Conj/Fire      2%         3d4       98%         5
 Iron Shot                Conj/Erth      2%         9d2       100%        6


Dungeon Overview and Level Annotations

Branches:
Dungeon (2/15)

Altars:


Innate Abilities, Weirdness & Mutations

Your serpentine skin is tough. (AC +1)
You have supernaturally acute eyesight. (SInv)
Armour fits poorly on your strangely shaped body.
Your system is resistant to poisons. (rPois)
You cover ground very slowly.
You can spit poison.
You have a snake-like lower body.


Message History

The gnoll barely misses you.
Unknown command.
Casting: Shock (safe; 6% risk of failure)
Confirm with . or Enter, or press ? or * to list all spells.
Aiming: Shock (safe; 6% risk of failure)
Press: ? - help, Shift-Dir - straight line, f/p - gnoll
Aim: a gnoll, wielding a +0 club (lightly wounded, 72% to hit)
The zap hits the gnoll.
The gnoll is severely wounded.
The zap hits the gnoll.
The gnoll is heavily wounded.
The gnoll hits you from afar with a +0 spear.
Unknown command.
A gnoll comes into view. It is wielding a +0 club.
The gnoll hits you from afar with a +0 spear!
The gnoll moves out of view.
The gnoll shouts!
The gnoll shouts!
The gnoll hits you with a +0 spear! The gnoll closely misses you.
The gnoll barely misses you.
The gnoll hits you from afar with a +0 spear.
* * * LOW HITPOINT WARNING * * *
The gnoll hits you with a +0 club.
* * * LOW HITPOINT WARNING * * *
The gnoll closely misses you.
Your magical contamination has completely faded away.
Press: ? - help, Shift-Dir - straight line, f - gnoll
Aim: a gnoll, wielding a +0 club The splash of poison misses the gnoll.
The gnoll closely misses you. The gnoll hits you with a +0 club.
* * * LOW HITPOINT WARNING * * *
The gnoll barely misses you.
Unknown command.
Unknown command.
You completely miss the gnoll.
The gnoll hits you from afar with a +0 spear.
* * * LOW HITPOINT WARNING * * *
The gnoll closely misses you.
The gnoll hits you from afar with a +0 spear.
You die...

#..........#
#..g......#
#.######..#######
#. #......... ##.
#.########
.#.#### #g#
.....# #.# gg
#.###g######## #g
#.g@..........
#.##<###g########
#†#†..##.#
#.....##.#
#........#
####.##### #.#
..# ##.#


You could see 3 gnolls.

Vanquished Creatures
  2 adders (D:2)
  A gnoll (D:1)
  3 dart slugs
  2 ball pythons (D:1)
  3 bats (D:1)
  An endoplasm (D:1)
  2 giant cockroaches (D:1)
  5 goblins (D:1)
  A hobgoblin (D:1)
  3 jackals (D:1)
  5 kobolds (D:1)
  2 frilled lizards
  2 rats (D:1)
32 creatures vanquished.

Notes
Turn   | Place    | Note
-------+----------+-------------------------------------------
     0 | D:1      | rogsnak the Naga Air Elementalist began the quest for the
                  | Orb.
     0 | D:1      | Reached XP level 1. HP: 15/15 MP: 3/3
   181 | D:1      | Found a faded altar of an unknown god.
   192 | D:1      | Reached XP level 2. HP: 22/22 MP: 0/5
   679 | D:1      | Reached XP level 3. HP: 28/28 MP: 4/6
   939 | D:1      | Got the Tome of Displaced Confrontation
  1508 | D:2      | Reached XP level 4. HP: 22/36 MP: 3/7
  1673 | D:2      | Slain by a gnoll

Illustrated notes

Levels and vault maps discovered:
D:1:      dpeg_arrival_windows_large_door, layout_basic, basic_ecumenical_altar
D:2:      layout_loops_ring, basic_altar, uniq_crazy_yiuf_cottage, uniq_robin

Action                   |  1- 3 |  4- 6 || total
-------------------------+-------+-------++-------
Melee: Dagger            |     5 |       ||     5
       Short sword       |     3 |     2 ||     5
 Cast: Shock             |    50 |     5 ||    55
 Abil: Spit Poison       |    14 |     4 ||    18
 Stab: Sleeping          |     1 |       ||     1
Armor: Robe              |     5 |       ||     5
Dodge: Dodged            |    11 |     7 ||    18

Table legend: (Time is in decaauts)
 A = Elapsed time spent in this place.
 B = Non-inter-level travel time spent in this place.
 C = Inter-level travel time spent in this place.
 D = Time resting spent in this place.
 E = Time spent auto-exploring this place.
 F = Levels seen in this place.
 G = Mean time per level.
                   A        B        C        D        E       F      G
               +--------+--------+--------+--------+--------+-----+--------+
         Total |   2021 |   1962 |     59 |    365 |   1324 |   2 | 1010.5 |
       Dungeon |   2021 |   1962 |     59 |    365 |   1324 |   2 | 1010.5 |
               +--------+--------+--------+--------+--------+-----+--------+

Top non-repeatable levels by time:
     D:1: 1883 daAuts
     D:2: 137 daAuts
